 Dungeon Crawl Stone Soup version 0.20-a0-513-g02c11fc (webtiles) character file.

46 polly the Conjurer (level 3, -3/14 HPs)
             Began as a Felid Conjurer on Jan 23, 2017.
             Slain by a gnoll
             ... wielding a +0 halberd
              (12 damage)
             ... on level 2 of the Dungeon.
             The game lasted 00:03:57 (993 turns).

polly the Conjurer (Felid Conjurer)                  Turns: 993, Time: 00:03:57

Health: -3/14      AC:  1    Str:  4    XL:     3   Next: 46%
Magic:  0/7        EV:  9    Int: 17    God:
Gold:   65         SH:  0    Dex: 16    Spells: 5/6 levels left
                                        Lives:  0   Deaths: 0

rFire    . . .     SeeInvis +   (weapon unavailable)
rCold    . . .     Gourm    .   (armour unavailable)
rNeg     . . .     Faith    .   (shield unavailable)
rPois    .         Spirit   .   (helmet unavailable)
rElec    .         Reflect  .   (cloak unavailable)
rCorr    .         Harm     .   (gloves unavailable)
MR       .....                  (boots unavailable)
Stlth    +++.......             (no amulet)
Regen    0.1/turn               (no ring)
                                (no ring)

@: held, quick
A: no armour, no weapons or thrown items, stealth, claws 1, fangs 3, see
invisible, carnivore 3, speed 1, shaggy fur 1, slow metabolism 1, sharp paws
a: no special abilities


You were on level 2 of the Dungeon.
You were very full.

You visited 1 branch of the dungeon, and saw 2 of its levels.

You collected 65 gold pieces.

Inventory:

Scrolls
 d - a scroll of immolation {unknown}
Potions
 c - a potion of haste {unknown}
 e - a potion of resistance {unknown}
Books
 a - a book of Conjurations

   Spells                             Type                      Level
   a - Magic Dart                     Conjuration                  1
   b - Searing Ray                    Conjuration                  2
   c - Dazzling Spray                 Conjuration/Hexes            3
   d - Fulminant Prism                Conjuration/Hexes            4
   e - Iskenderun's Mystic Blast      Conjuration                  4
   f - Iskenderun's Battlesphere      Conjuration/Charms           5
Comestibles
 b - a meat ration


   Skills:
 + Level 2.9 Dodging
 + Level 3.1 Stealth
 + Level 2.4 Spellcasting
 + Level 4.3 Conjurations


You had 5 spell levels left.
You knew the following spells:

 Your Spells              Type           Power        Failure   Level  Hunger
a - Magic Dart            Conj           ###.         3%          1    #......


Dungeon Overview and Level Annotations

Branches:
Dungeon (2/15)

Altars:
Elyvilon
Xom


Innate Abilities, Weirdness & Mutations

You cannot wear armour.
You are incapable of wielding weapons or throwing items.
Your paws allow you to move quietly. (Stealth)
You have sharp claws.
You have razor-sharp teeth.
You have supernaturally acute eyesight. (SInv)
You are carnivorous and can eat meat at any time.
You cover ground quickly.
You are covered in fur. (AC +1)
You have a slow metabolism.
Your sharp claws are effective at attacking unaware monsters.


Message History

Aim: a gnoll, wielding a flail (severely wounded)
The magic dart hits the gnoll.
You kill the gnoll!
The gnoll barely misses you.
Casting: Magic Dart
Confirm with . or Enter, or press ? or * to list all spells.
Aiming: Magic Dart
Press: ? - help, Shift-Dir - straight line, f - gnoll
Aim: a gnoll, wielding a halberd The magic dart hits the gnoll.
The gnoll barely misses you.
Casting: Magic Dart
Confirm with . or Enter, or press ? or * to list all spells.
Aiming: Magic Dart
Press: ? - help, Shift-Dir - straight line, f/p - gnoll
Aim: a gnoll, wielding a halberd The magic dart hits the gnoll.
The gnoll is moderately wounded.
The gnoll hits you from afar with a halberd!
Ouch! That really hurt!
You die...

.# ...# #..# . ###..#
... ###....#
.....##(.....#
....gg)@.....### ##
....g##........###...#
### #....#+#<.......#
##.#.......###..#
##...............#
..###...###.....#..#
.._#.....)#.#.#.# #
..##....#.#.#...#
.8###.......##....


You could see 3 gnolls.

Vanquished Creatures
  A gnoll (D:2)
  An adder (D:1)
  3 bats
  2 giant cockroaches (D:1)
  5 goblins (D:1)
  5 hobgoblins (D:1)
  A ball python (D:1)
  A frilled lizard (D:1)
  6 kobolds
  5 rats (D:1)
30 creatures vanquished.

Notes
Turn   | Place    | Note
-------+----------+-------------------------------------------
     0 | D:1      | polly the Felid Conjurer began the quest for the Orb.
     0 | D:1      | Reached XP level 1. HP: 7/7 MP: 4/4
   258 | D:1      | Reached XP level 2. HP: 10/11 MP: 3/6
   330 | D:1      | Reached skill level 4 in Conjurations
   655 | D:1      | Reached XP level 3. HP: 14/14 MP: 2/7
   972 | D:2      | Found a white marble altar of Elyvilon.
   972 | D:2      | Found a shimmering altar of Xom.
   993 | D:2      | Slain by a gnoll

Vault maps used:
D:1:      minmay_arrival_four_houses
D:2:      nicolae_qazlal_eye_of_the_storm, nicolae_overflow_hidden_temple,
          xom_redecorated, uniq_iyjb

Skill      XL: |  1  2 |
---------------+-------+-----
Conjurations   | 4 |  4.3
Stealth        | 3 |  3.1
Dodging        | |  2.9
Spellcasting   | |  2.4

Action                   || total
-------------------------++-------
Melee: Unarmed           ||    13
 Cast: Magic Dart        ||    64
  Eat: Chunk             ||     2
       Meat ration       ||     1
Armor: Skin              ||     2
Dodge: Dodged            ||    27
